Map: Esilio del traditore

Players

BébéPingouin

  • Race: Terran Terran
  • Spawn Location: 12:00

Pedrooow

  • Race: Terran Terran
  • League: Platinum
  • Spawn Location: 9:00

Trebo - Winner!

  • Race: Zerg Zerg
  • League: Platinum
  • Spawn Location: 6:00

sterminatore - Winner!

  • Race: Zerg Zerg
  • Spawn Location: 5:00

VOD

Have the link to the VOD?

Description

Time

  • Played on: Dec. 29, 2017, 9:20 a.m.
  • Length: 20:45
Show
View Real Time Build Order
Export as new Build Order

BébéPingouin Terran 

Build Orders:  

Get SALT Encoding   

  12  0:14  SCV  
  13  0:17  Supply Depot  
  13  0:26  SCV  
  14  0:40  Barracks  
  14  0:43  SCV  
  15  0:58  Supply Depot  
  15  1:06  SCV  
  16  1:18  SCV  
  17  1:33  Marine  
  17  1:34  Supply Depot  
  18  1:42  Barracks  
  18  1:46  Barracks  
  18  1:51  Marine  
  19  2:07  Barracks  
  19  2:08  Barracks  
  19  2:09  Marine  
  20  2:45  Supply Depot  
  20  2:47  Marine x2, Supply Depot  
  20  2:48  Marine  
  23  2:59  Supply Depot  
  23  3:05  Marine x2  
  24  3:06  Marine  
  24  3:11  Marine x2  
  28  3:21  Supply Depot  
  28  3:22  Marine  
  28  3:23  Marine  
  30  3:41  Marine  
  30  3:42  Marine x4  
  35  3:59  Marine x2  
  24  4:27  Marine  
  24  4:28  Marine x4  
  23  4:45  Marine x2  
  23  4:46  Marine x3  
  5  5:03  Marine x3  
  5  5:04  Marine  
  8  5:21  Marine  
  1  5:45  Marine x3  
    9:40  SCV  
  1  9:52  SCV  
  2  11:44  SCV  
  3  11:56  SCV  
  5  12:08  SCV  
  5  12:20  SCV  
  6  12:26  Supply Depot  
  6  12:32  SCV  
  7  12:44  SCV  
  8  12:57  SCV  
  9  13:09  SCV  
  9  13:11  Barracks  
  10  13:21  SCV  
  11  13:43  SCV  
  12  13:55  SCV  
  13  14:06  Marine  
  13  14:07  SCV  
  15  14:21  Refinery  
  15  14:24  Marine  
  15  14:26  SCV  
  17  14:42  Marine  
  18  14:55  Barracks  
  18  14:56  Barracks  
  18  15:00  Marine  
  19  15:17  Marine  
  20  15:39  SCV, Engineering Bay  
  21  15:51  SCV  
  21  15:56  Barracks Tech Lab  
  22  15:57  Marine  
  22  16:03  Supply Depot  
  23  16:07  Supply Depot  
  23  16:25  Marine x2, SCV, Supply Depot  
  26  16:37  SCV  
  27  16:42  Terran Infantry Weapons Level 1  
  27  16:43  Marine x2  
  29  16:55  Marauder  
  29  17:00  Marine x2  
  33  17:06  Supply Depot  
  33  17:11  Supply Depot  
  33  17:16  Marine  
  33  17:18  Marine x2  
  36  17:35  Marauder  
  36  17:36  Marine x2  
  40  17:54  Marine x2  
  40  17:56  Marauder  
  44  18:12  Marine x2  
  46  18:17  Marauder  
  48  18:29  Marine x2  
  50  18:35  Refinery  
  50  18:36  Terran Infantry Armor Level 1  
  50  18:38  Marine  
  51  18:47  Marine x2  
  53  18:49  Factory  
  53  18:56  Marine  
  54  19:05  Marine x2  
  56  19:10  SCV  
  56  19:14  Marine  
  58  19:23  Marine x2  
  60  19:38  Factory Tech Lab  
  60  19:48  Armory  
  60  19:51  Marine  
  60  19:52  Marine x2  
Show
View Real Time Build Order
Export as new Build Order

Pedrooow Terran 

Build Orders: Banshee Rush 

Get SALT Encoding   

  12  0:02  SCV  
  13  0:16  Supply Depot  
  13  0:18  SCV  
  14  0:30  SCV  
  14  0:31  Refinery  
  15  0:46  Barracks  
  15  0:50  SCV  
  16  1:02  SCV  
  17  1:16  Supply Depot  
  17  1:19  SCV  
  18  1:29  Engineering Bay  
  18  1:31  SCV  
  19  1:42  Marine  
  19  1:43  SCV  
  21  1:49  Factory  
  21  2:00  Marine, Bunker  
  22  2:06  SCV  
  23  2:13  Refinery  
  23  2:18  Marine, SCV  
  25  2:23  Barracks  
  25  2:34  SCV  
  26  2:41  Starport  
  26  2:42  Factory Tech Lab  
  26  2:50  Marine  
  27  2:54  SCV  
  28  3:01  Supply Depot  
  28  3:07  Marine  
  29  3:14  Supply Depot  
  29  3:17  Marine  
  30  3:25  Marine  
  31  3:32  Cloaking Field  
  31  3:41  Banshee  
  31  3:47  Starport  
  34  3:57  Orbital Command  
  34  4:29  Marine  
  34  4:30  Marine  
  36  4:47  Marine x2  
  38  5:05  Marine x2  
  37  5:23  Marine x2  
  37  5:24  Factory Tech Lab  
  39  5:41  Marine x2  
  41  5:42  Medivac  
  43  5:59  Marine x2  
  45  6:12  Terran Infantry Weapons Level 1, Medivac  
  47  6:35  Supply Depot  
  47  6:36  Supply Depot x2  
  47  6:42  Barracks Tech Lab  
  47  6:56  Marine  
  46  7:14  Marine  
  46  7:18  Marine  
  40  7:32  Marine  
  40  7:35  Marine  
  42  7:49  Marine  
  43  7:53  Marine  
  43  7:58  Medivac  
  46  8:00  Medivac  
  48  8:06  Terran Infantry Armor Level 1  
  48  8:07  Marine  
  48  8:11  Marine  
  50  8:25  Marine  
  51  8:28  Medivac  
  51  8:29  Marine  
  51  8:30  Medivac  
  51  8:32  Combat Shields  
  56  8:43  Marine  
  56  8:47  Marine  
  58  8:52  Siege Tank  
  61  8:58  Medivac  
  61  9:01  Marine  
  64  9:04  Marine  
  54  9:44  Marine x2  
  50  10:01  Marine  
  50  10:02  Marine  
  52  10:19  Marine x2  
  54  10:35  Barracks, Command Center  
  54  10:37  Marine x2  
  56  10:49  Stimpack  
  56  10:55  Marine x2  
  57  11:13  Marine x2  
  59  11:29  Siege Tank  
  59  11:30  Marine  
  59  11:31  Marine  
  64  11:44  Medivac x2  
  68  11:48  Marine x2  
  68  11:51  Barracks  
  70  11:57  Barracks  
  70  12:06  Marine  
  71  12:11  Supply Depot  
  71  12:12  Supply Depot  
  71  12:13  Supply Depot  
  71  12:32  Siege Tank, Marine  
  71  12:46  Armory  
  71  12:50  Concussive Shells  
  71  13:04  Siege Tank  
  74  13:08  Barracks Tech Lab  
  74  13:10  Barracks Reactor  
  74  13:11  Barracks Tech Lab  
  74  13:12  Marine x2  
  76  13:23  SCV x2  
  78  13:30  Marine x2  
  80  13:36  Siege Tank  
  83  13:48  Marine  
  84  14:09  Siege Tank  
  87  14:16  Command Center, Marauder x2  
  87  14:17  Marine, Marauder  
  88  14:38  Marauder  
  67  14:57  Marine x4  
  67  14:59  Marine  
  60  15:14  Marine x2  
  60  15:15  Marine  
  63  15:22  SCV  
  64  15:34  SCV  
  65  15:46  SCV  
  66  15:56  Marauder  
  66  15:57  Marauder x2  
  72  15:59  SCV x2  
  74  16:11  SCV x2  
  76  16:13  Terran Infantry Weapons Level 2  
  76  16:23  SCV  
  77  16:32  Command Center  
  77  16:33  Marine x2  
  79  16:58  Refinery  
  79  17:02  Refinery  
  79  17:10  Marine x3, Marauder x3  
  88  17:28  Marine  
  89  17:33  Starport Tech Lab  
  89  17:48  SCV x2  
  89  17:49  SCV  
  92  18:00  High Capacity Fuel Tanks, SCV  
  92  18:01  SCV x2  
  92  18:05  Viking x2  
  99  18:13  SCV x3  
  102  18:25  SCV x3  
  105  18:37  SCV x3  
  105  18:41  Marine x5  
  109  18:42  Marine  
  114  18:49  SCV x3  
  117  18:59  Marine  
  117  19:00  Marauder x3  
  117  19:01  SCV  
  125  19:20  Supply Depot x3  
  125  19:21  Supply Depot  
  125  19:22  Supply Depot, Marine x5  
  125  19:23  Marauder  
  112  19:40  Marine x3  
  112  19:41  Viking x2  
  119  19:47  Refinery  
  119  19:49  Refinery  
  119  20:11  Viking x2  
Show
View Real Time Build Order
Export as new Build Order

Trebo Zerg - Winner!

Build Orders: Pool First 

Get SALT Encoding   

  12  0:19  Spawning Pool  
  11  0:23  Extractor  
  11  0:26  Extractor  
  9  0:29  Drone  
  9  0:34  Drone  
  11  0:40  Drone  
  12  1:05  Queen  
  14  1:18  Metabolic Boost  
  14  1:25  Overlord  
  14  1:37  Overlord  
  14  1:48  Zergling x2  
  14  1:49  Zergling x4  
  17  2:01  Zergling x2  
  18  2:11  Zergling x2  
  19  2:23  Zergling x6  
  22  2:35  Zergling x2  
  23  2:49  Zergling x2  
  24  2:55  Zergling x4, Overlord  
  26  3:02  Zergling x2  
  27  3:12  Zergling x2  
  28  3:20  Zergling x2  
  28  3:26  Zergling x6  
  32  3:36  Zergling x2  
  33  3:54  Zergling x2  
  34  3:59  Zergling x2, Overlord  
  34  4:00  Zergling x4  
  37  4:04  Roach Warren  
  35  4:25  Zergling x4  
  35  4:29  Zergling x4  
  37  4:31  Overlord  
  30  4:50  Zergling x4  
  25  5:44  Drone  
  25  5:45  Drone x3  
  29  6:04  Spore Crawler x2, Hatchery  
  26  6:28  Drone  
  27  6:34  Drone  
  28  7:07  Drone x2  
  28  7:08  Drone  
  31  7:15  Queen  
  31  7:45  Drone x2  
  31  7:46  Drone x4  
  37  8:04  Drone x3  
  37  8:05  Drone x2  
  42  8:33  Drone x7  
  49  8:34  Drone  
  49  8:40  Overlord  
  50  9:04  Lair  
  50  9:21  Hatchery  
  45  9:42  Roach  
  45  9:43  Roach x2  
  45  9:44  Overlord  
  50  9:53  Drone  
  50  9:57  Extractor  
  50  9:59  Drone  
  51  10:00  Extractor  
  50  10:30  Zergling x2  
  50  10:31  Zergling x10  
  56  10:42  Drone x3  
  59  10:43  Drone x3  
  62  10:50  Drone x2  
  64  10:59  Overlord  
  61  11:18  Roach x7  
  74  11:26  Overlord  
  74  11:27  Overlord  
  74  11:30  Overlord x3  
  74  11:44  Queen  
  76  11:49  Drone  
  76  11:50  Drone x4  
  81  11:56  Drone  
  81  12:01  Drone x6  
  88  12:11  Drone x3  
  91  12:27  Roach  
  91  12:28  Roach x5  
  90  12:51  Roach x8  
  98  12:57  Extractor  
  105  12:58  Drone x2  
  105  12:59  Drone x2  
  105  13:00  Extractor  
  108  13:18  Spire  
  107  13:23  Infestation Pit  
  107  13:25  Hatchery  
  105  13:32  Ravager  
  105  13:33  Ravager x8  
  114  13:35  Overlord x3  
  114  13:36  Overlord x3  
  114  13:53  Queen  
  116  14:11  Zergling x2  
  116  14:12  Zergling x22  
  78  14:54  Corruptor x3  
  78  14:55  Corruptor x5  
  78  14:56  Corruptor x3  
  88  15:02  Queen  
  85  15:27  Hive  
  85  15:28  Corruptor x2  
  85  15:29  Corruptor x5  
  85  15:32  Corruptor  
  103  15:42  Roach  
  103  15:43  Roach x3  
  103  15:49  Drone  
  110  15:50  Drone x6  
  116  16:10  Drone x3  
  116  16:11  Drone  
  120  16:14  Drone x5  
  120  16:15  Drone x3  
  128  16:24  Corruptor x3  
  134  16:28  Overlord  
  134  16:39  Greater Spire  
  134  16:42  Corruptor x3  
  134  16:45  Corruptor  
  142  16:59  Extractor  
  142  17:00  Drone x5, Extractor  
  142  17:01  Drone  
  146  17:05  Drone x2  
  146  17:06  Drone x3  
  146  17:07  Drone x4  
  146  17:08  Drone  
  156  17:37  Corruptor  
  156  17:38  Corruptor x6  
  156  17:40  Infestor  
  156  17:42  Infestor  
  174  18:03  Brood Lord  
  176  18:06  Overlord x4  
  176  18:07  Overlord x3  
  176  18:24  Hatchery  
  176  18:26  Brood Lord  
  176  18:27  Brood Lord x5  
  185  18:31  Brood Lord  
  189  18:34  Brood Lord  
  189  18:39  Brood Lord  
  193  18:46  Brood Lord  
  195  18:53  Brood Lord  
  197  19:49  Queen  
Show
View Real Time Build Order
Export as new Build Order

sterminatore Zerg - Winner!

Build Orders: Pool First 

Get SALT Encoding   

  12  0:20  Spawning Pool  
  11  0:24  Extractor  
  10  0:28  Extractor  
  10  0:35  Drone x2  
  10  0:40  Drone  
  12  0:57  Overlord  
  12  1:15  Metabolic Boost  
  12  1:34  Queen  
  14  1:43  Zergling x2  
  14  1:44  Zergling x2  
  16  2:00  Zergling x4  
  18  2:07  Zergling x2  
  19  2:19  Zergling x2  
  20  2:28  Zergling x2  
  21  2:39  Zergling x2  
  22  2:51  Overlord  
  22  3:19  Zergling x2  
  23  3:20  Zergling x4  
  25  3:31  Zergling x6  
  28  3:38  Overlord  
  22  5:32  Spore Crawler  
  21  5:44  Drone x3  
  21  6:13  Lair  
  21  6:17  Drone x3  
  15  7:48  Spore Crawler  
  10  8:04  Drone x3  
  10  8:05  Drone x3  
  14  8:10  Overseer  
  14  8:12  Overseer x2  
  14  8:14  Queen  
  16  8:31  Drone x2  
  18  8:37  Spore Crawler  
  18  8:38  Spore Crawler  
  16  8:59  Drone x2  
  16  9:41  Drone x6  
  16  9:43  Hatchery  
  16  9:44  Extractor  
  20  9:47  Extractor  
  19  9:55  Spore Crawler  
  17  10:23  Hatchery, Spine Crawler  
  15  10:37  Extractor  
  14  10:43  Drone x3  
  17  10:51  Extractor  
  15  11:08  Drone x2  
  17  11:12  Drone x3  
  20  11:29  Drone x2  
  22  11:37  Drone  
  22  11:39  Queen  
  25  11:45  Zergling x2  
  25  11:46  Zergling x4  
  28  11:55  Drone x2  
  30  12:03  Drone  
  30  12:04  Drone  
  30  12:46  Zergling x4  
  30  12:47  Zergling x2  
  33  12:55  Hydralisk Den  
  32  12:59  Drone  
  32  13:03  Overlord x2  
  33  13:56  Drone  
  33  13:57  Drone x4  
  33  14:02  Hydralisk  
  38  14:03  Hydralisk x4  
  38  14:06  Hydralisk  
  48  14:45  Hydralisk  
  48  14:49  Overlord x2  
  50  15:02  Overlord x3  
  50  15:26  Hydralisk  
  50  15:27  Hydralisk x2  
  56  15:28  Hydralisk  
  56  15:29  Hydralisk x3  
  56  15:30  Hydralisk  
  66  15:38  Drone  
  66  15:40  Drone  
  66  15:41  Drone x2  
  66  15:42  Queen  
  70  15:48  Overlord x2  
  72  15:52  Muscular Augments  
  72  16:01  Hydralisk x2  
  76  16:30  Drone x3  
  79  16:41  Hydralisk x3  
  85  16:56  Zergling x2  
  85  16:57  Zergling x4  
  85  16:58  Baneling Nest, Zergling x12  
  93  17:12  Infestation Pit  
  92  17:21  Zergling x8  
  96  17:41  Zergling x4  
  96  17:42  Zergling x8  
  96  17:44  Zergling x6  
  103  17:48  Zergling x2  
  103  17:50  Overlord  
  106  17:58  Centrifical Hooks  
  106  18:12  Baneling x8  
  106  18:18  Baneling x2  
  106  18:19  Baneling  
  106  18:27  Baneling x5  
  106  18:33  Baneling  
  106  18:34  Baneling x3  
  106  18:45  Baneling x6  
  106  18:54  Baneling  
  106  18:55  Baneling x17  
  99  19:33  Baneling x2  
  99  19:36  Hydralisk x2  
  99  19:37  Hydralisk  
  105  19:40  Hydralisk x3  
Tags
 
Add a new tag
Caveats
  • Supply blocks, unpowered buildings, or Contaminate may cause inaccurate times.
  • Supply counts are checked every 10 seconds.